 Dungeon Crawl Stone Soup version 0.29-a0-473-gacb4ef3bc5 (webtiles) character file.

Game seed: 10152162968118479473

260 Lekart the Skirmisher (level 5, -7/47 HPs)
             Began as a Draconian Chaos Knight on May 23, 2022.
             Was a Plaything of Xom.
             Splashed by a jelly's acid (8 damage)
             ... on level 4 of the Dungeon.
             The game lasted 00:02:37 (2628 turns).

Lekart the Skirmisher (Draconian Chaos Knight)      Turns: 2628, Time: 00:02:38

Health: -7/47      AC: -5    Str: 14    XL:     5   Next: 95%
Magic:  8/8        EV: 13    Int: 13    God:    Xom [..*...]
Gold:   138        SH:  0    Dex: 12    Spells: 8/8 levels left

rFire   . . .      SeeInvis +   a - +0 falchion (chaos)
rCold   . . .      Faith    .   (no shield)
rNeg    . . .      Spirit   .   (body armour unavailable)
rPois   .          Reflect  .   (helmet restricted)
rElec   .          Harm     .   i - +0 cloak {Stlth+}
rCorr   .          Rampage  .   (no gloves)
Will    .....                   o - +0 pair of boots
Stlth   ++........              (no amulet)
HPRegen 0.15/turn               g - ring of see invisible
MPRegen 0.11/turn               (no ring)

@: corroded
A: AC +5, unfitting armour, cold-blooded
a: Renounce Religion


You were on level 4 of the Dungeon.
You worshipped Xom.
You were a toy of Xom.
You visited 1 branch of the dungeon, and saw 4 of its levels.

You collected 138 gold pieces.

Inventory:

Hand Weapons
 a - a +0 falchion of chaos (weapon)
 q - a +2 long sword of holy wrath
Armour
 i - a +0 cloak of stealth (worn)
 o - a +0 pair of boots (worn)
Jewellery
 g - a ring of see invisible (left hand)
Scrolls
 c - 2 scrolls of teleportation {unknown}
 d - 4 scrolls of identify {unknown}
 e - a scroll of fear {unknown}
 f - a scroll of amnesia {unknown}
 h - a scroll of enchant weapon {unknown}
 j - a scroll of torment {unknown}
 l - a scroll of poison {unknown}
Potions
 k - a potion of attraction {unknown}
 m - 4 potions of heal wounds {unknown}
 n - a potion of brilliance {unknown}
 p - a potion of haste {unknown}
 r - a potion of lignification {unknown}
Miscellaneous
 b - a piece from Xom's chessboard (15/15) (quivered)


   Skills:
 + Level 4.5 Fighting
 + Level 4.3 Long Blades
 + Level 3.4 Dodging
 * Level 2.2 Spellcasting
 + Level 0.1 Evocations


You had 8 spell levels left.
You didn't know any spells.
Your spell library contained the following spells:

 Spells                   Type           Power      Damage    Failure   Level
 Frozen Ramparts          Ice            2%         1d2       58%         3
 Ozocubu's Armour         Ice            1%         N/A       58%         3
 Ice Form                 Ice/Tmut       1%         N/A       94%         4
 Summon Ice Beast         Ice/Summ       1%         N/A       94%         4
 Metabolic Englaciation   Hex/Ice        0%         N/A       100%        5
 Simulacrum               Ice/Necr       0%         N/A       100%        6


Dungeon Overview and Level Annotations

Branches:
Dungeon (4/15)
 Temple: D:4-7

Altars:
Elyvilon
Okawaru
Xom


Innate Abilities, Weirdness & Mutations

Your plain brown scales are hard. (AC +5)
You cannot fit into any form of body armour.
You are cold-blooded and may be slowed by cold attacks.


Message History

(D) Dungeon
Where to? (Enter - D:3, ? - help)
There is an open door here.
There is a stone staircase leading down here.
You climb downwards.
There is a stone staircase leading up here.
Found a stone staircase leading down.
No target in view!
A jelly comes into view.
Found a scroll labelled DOOZYLY DANAEV.
The jelly quivers.
Found a mace.
There is a stone staircase leading down here.
The jelly hits you.
You are splashed with acid!
You slash the jelly! The acid corrodes you!
Your hands burn!
You tail-slap the jelly, but do no damage.
The jelly is heavily wounded.
The jelly hits you but does no damage.
You hit the jelly but do no damage.
Your hands burn!
The jelly is heavily wounded.
The jelly hits you. The acid corrodes you!
You are splashed with acid!
You are too injured to fight recklessly!
You are too injured to fight recklessly!
You are too injured to fight recklessly!
You hit the jelly but do no damage.
The jelly seems to speed up.
Your hands burn!
The jelly is heavily wounded.
The jelly barely misses you.
You hit the jelly. You burn the jelly.
Your hands burn!
The jelly is almost dead.
The jelly hits you.
* * * LOW HITPOINT WARNING * * *
The acid corrodes you!
You are splashed with acid!
* * * LOW HITPOINT WARNING * * *
You emit a cloud of colourful smoke!
The jelly hits you.
* * * LOW HITPOINT WARNING * * *
You are splashed with acid!
You die...
Xom snickers!

#.# #.# #.#
#.# # #.# #.
#.# .. #.#
#####§######.#
..)..§J@§§...#
######§##§####
#. #.# #. #.#
#. #.# ## #.#
..# .?#


You could see a jelly (fast).

Vanquished Creatures
  Sigmund (D:2)
  Crazy Yiuf (D:2)
  2 adders (D:2)
  An ufetubus (D:3)
  A worm (D:3)
  A dart slug (D:1)
  6 ball pythons
  A bat (D:2)
  5 endoplasms
  4 giant cockroaches
  5 goblins
  4 hobgoblins
  4 jackals (D:2)
  2 kobolds
  2 frilled lizards
  6 rats
46 creatures vanquished.

Notes
Turn   | Place    | Note
-------+----------+-------------------------------------------
     0 | D:1      | Lekart the Draconian Chaos Knight began the quest for the
                  | Orb.
     0 | D:1      | Reached XP level 1. HP: 19/19 MP: 1/1
    57 | D:1      | Found a faded altar of an unknown god.
   261 | D:1      | Reached XP level 2. HP: 26/26 MP: 2/2
   381 | D:1      | XOM: silly message
   483 | D:1      | XOM: divination: detect items
   489 | D:1      | XOM: silly message
   510 | D:2      | XOM: divination: magic mapping
   539 | D:2      | XOM: divination: detect items
   567 | D:2      | Noticed Sigmund
   577 | D:2      | XOM: potion effect (heal wounds)
   579 | D:2      | XOM: potion effect (curing)
   584 | D:2      | Killed Sigmund
   585 | D:2      | Reached skill level 1 in Spellcasting
   585 | D:2      | Reached XP level 3. HP: 7/34 MP: 2/5
   585 | D:2      | Reached XP level 4. HP: 8/41 MP: 2/6
   585 | D:2      | Reached XP level 5. HP: 9/47 MP: 2/7
   968 | D:2      | XOM: silly message
  1189 | D:2      | XOM: silly message
  1595 | D:2      | Found a runed translucent door.
  1596 | D:2      | Noticed Crazy Yiuf
  1603 | D:2      | Killed Crazy Yiuf
  1901 | D:3      | Found an iron altar of Okawaru.
  2222 | D:3      | Found a shimmering altar of Xom.
  2223 | D:3      | Found a white marble altar of Elyvilon.
  2628 | D:4      | HP: 2/47 [acid (10)]
  2628 | D:4      | XOM: smoke on damage
  2628 | D:4      | Splashed by a jelly's acid

Illustrated notes

Levels and vault maps discovered:
D:1:      heliophobic_arrival_henge, layout_rooms,
          chequers_ecumenical_altar_island
D:2:      layout_rooms, hangedman_decor_points, uniq_sigmund,
          uniq_crazy_yiuf_cottage
D:3:      layout_loops_corners, lemuel_doored_altar,
          mainiacjoe_overflow_catwalk_spiral, minmay_misc_feat_square
D:4:      layout_basic, minmay_bent

Skill      XL: |  1  2  3  4  5 |
---------------+----------------+-----
Fighting       | 4 |  4.5
Long Blades    | 4 |  4.3
Dodging        | 3 |  3.4
Spellcasting   | 1 2 |  2.2
Evocations     | |  0.1

Action                   |  1- 3 |  4- 6 || total
-------------------------+-------+-------++-------
Melee: Falchion          |    59 |    81 ||   140
       Tailslap          |    10 |    12 ||    22
Evoke: Piece from Xom's  |     2 |       ||     2
  Use: Potion            |     1 |     1 ||     2
 Stab: Sleeping          |       |     1 ||     1
Armor: Skin              |    11 |    31 ||    42
Dodge: Dodged            |    37 |    74 ||   111

Table legend: (Time is in decaauts)
 A = Elapsed time spent in this place.
 B = Non-inter-level travel time spent in this place.
 C = Inter-level travel time spent in this place.
 D = Time resting spent in this place.
 E = Time spent auto-exploring this place.
 F = Levels seen in this place.
 G = Mean time per level.
                   A        B        C        D        E       F      G
               +--------+--------+--------+--------+--------+-----+--------+
         Total |   2653 |   2548 |    105 |    203 |   1964 |   4 |  663.2 |
       Dungeon |   2653 |   2548 |    105 |    203 |   1964 |   4 |  663.2 |
               +--------+--------+--------+--------+--------+-----+--------+

Top non-repeatable levels by time:
     D:2: 1208 daAuts
     D:3: 903 daAuts
     D:1: 517 daAuts
     D:4: 23 daAuts
